 Dungeon Crawl Stone Soup version 0.21.1-1-g345015f (webtiles) character file.

49 tidbits the Charmwright (level 3, 0/31 HPs)
             Began as a Gnoll Skald on June 20, 2018.
             Was an Initiate of Cheibriados.
             Slain by Sigmund
             ... wielding a +3 scythe of protection
              (4 damage)
             ... on level 3 of the Dungeon.
             The game lasted 00:05:16 (485 turns).

tidbits the Charmwright (Gnoll Skald)                Turns: 485, Time: 00:05:16

Health: 0/31       AC:  3    Str:  7 (8)  XL:     3   Next: 77%
Magic:  9/9        EV: 14    Int: 16 (17) God:    Cheibriados [......]
Gold:   36         SH:  0    Dex: 14 (15) Spells: 7/12 levels left

rFire    . . .     SeeInvis .   a - +0 hand axe
rCold    . . .     Gourm    .   (no shield)
rNeg     . . .     Faith    .   B - +0 robe (curse)
rPois    .         Spirit   .   E - +0 helmet
rElec    .         Reflect  .   (no cloak)
rCorr    .         Harm     .   (no gloves)
MR       .....                  (no boots)
Stlth    ++........             g - amulet of regeneration
HPRegen  0.50/turn              i - -6 ring of strength (curse)
MPRegen  0.11/turn              (no ring)

@: singing (expiring), very slow
A: distributed training, fangs 1, strong nose
a: Bend Time, Renounce Religion


You were on level 3 of the Dungeon.
You worshipped Cheibriados.
Cheibriados was noncommittal.
You were not hungry.

You visited 1 branch of the dungeon, and saw 3 of its levels.

You collected 36 gold pieces.

Inventory:

Hand Weapons
 a - a +0 hand axe (weapon)
 e - a +0 dagger
Missiles
 h - 40 bolts
Armour
 b - a +0 leather armour
 B - a cursed +0 robe (worn)
 E - a +0 helmet (worn)
Jewellery
 g - an amulet of regeneration (around neck)
   (You found it on level 2 of the Dungeon)
 i - a cursed -6 ring of strength (left hand)
   (You found it on level 2 of the Dungeon)
Wands
 k - a wand of random effects (22)
Books
 d - a book of Battle

   Spells                             Type                      Level
   a - Infusion                       Charms                       1
   b - Shroud of Golubria             Charms/Translocation         2
   c - Song of Slaying                Charms                       2
   d - Spectral Weapon                Hexes/Charms                 3
   e - Regeneration                   Charms/Necromancy            3
Comestibles
 c - 4 rations


   Skills:
 + Level 4.5 Fighting
 + Level 0.9 Short Blades
 + Level 0.9 Long Blades
 + Level 4.5 Axes
 + Level 0.9 Maces & Flails
 + Level 0.9 Polearms
 + Level 0.9 Staves
 + Level 0.9 Slings
 + Level 0.9 Bows
 + Level 0.9 Crossbows
 + Level 0.9 Throwing
 + Level 2.6 Armour
 + Level 4.5 Dodging
 + Level 0.9 Stealth
 + Level 0.9 Shields
 + Level 0.9 Unarmed Combat
 + Level 5.0 Spellcasting
 + Level 0.6 Conjurations
 + Level 0.6 Hexes
 + Level 5.4 Charms
 + Level 0.6 Summonings
 + Level 0.6 Necromancy
 + Level 0.6 Translocations
 + Level 0.6 Transmutations
 + Level 0.6 Fire Magic
 + Level 0.6 Ice Magic
 + Level 0.6 Air Magic
 + Level 0.6 Earth Magic
 + Level 0.6 Poison Magic
 + Level 1.0 Invocations
 + Level 0.9 Evocations


You had 7 spell levels left.
You knew the following spells:

 Your Spells              Type           Power        Failure   Level  Hunger
g - Shroud of Golubria    Chrm/Tloc      ##........   7%          2    #......
i - Infusion              Chrm           ###.         1%          1    None
y - Song of Slaying       Chrm           ###.....     2%          2    #......


Dungeon Overview and Level Annotations

Branches:
Dungeon (3/15)

Altars:
Cheibriados
Uskayaw

Annotations:
D:3 Sigmund


Innate Abilities, Weirdness & Mutations

Your experience applies equally to all skills.
You have very sharp teeth.
Your uncanny sense of smell can sniff out nearby items.


Message History

It was a scroll of blinking.
Found an escape hatch in the floor.
Unknown command.
Found 8 gold pieces.
You see here 8 gold pieces.
You now have 36 gold pieces (gained 8).
Found a red potion.
A rat comes into view.
You see here a red potion.
f - a red potion
Casting: Infusion
Confirm with . or Enter, or press ? or * to list all spells.
You begin infusing your attacks with magical energy.
Found 14 stones.
You slash the rat!
You kill the rat!
Cheibriados appreciates the change of pace.
Your magical contamination has completely faded away.
A goblin comes into view. It is wielding a club.
The goblin shouts!
Unknown command.
Found 29 stones.
Your magical infusion is running out.
The goblin hits you with a club.
You hit the goblin.
You kill the goblin!
Cheibriados appreciates the change of pace.
You are no longer magically infusing your attacks.
A worm comes into view.
Casting: Infusion
Confirm with . or Enter, or press ? or * to list all spells.
You begin infusing your attacks with magical energy.
You see here a club.
You hit the worm. You bite the worm.
The worm is moderately wounded.
You hit the worm!
The worm is severely wounded.
The worm closely misses you.
You hit the worm!
You kill the worm!
You see here a worm corpse.
A rat comes into view.
You see here 29 stones.
Sigmund the Dreaded comes into view.
He is wielding a scythe of protection.
Sigmund shouts!
Found a stone staircase leading up.
A bat and a worm come into view.
The bat hits you. The bat hits you but does no damage. The rat bites you.
You see here 29 stones.
The rat closely misses you.
Casting: Infusion
Confirm with . or Enter, or press ? or * to list all spells.
You start singing a song of slaying.
The rat bites you but does no damage.
You closely miss the rat. The rat closely misses you. Sigmund misses you.
Your magical infusion is running out.
The rat bites you.
You closely miss the rat. Sigmund closely misses you. The rat bites you.
You barely miss the rat. The rat bites you.
You hit the rat.
You kill the rat!
Cheibriados thoroughly appreciates the change of pace.
Sigmund gestures wildly while chanting.
Sigmund flickers and vanishes!
It was a potion of ambrosia.
You are confused.
You feel invigorated. Something hits you!
You bump into the rock wall.
Something hits you.
You're too confused to move!
You are no longer magically infusing your attacks.
You hear some strange, mumbled words.
You are more confused.
Something hits you!
You see here a rat corpse.
You miss something. You miss something. Something hits you!
You aren't carrying any potions.
You bump into the rock wall.
You feel less invigorated. Something hits you!
* * * LOW HITPOINT WARNING * * *
You aren't carrying any potions.
Unknown command.
You bump into the rock wall.
You bump into the rock wall.
Something hits you!
* * * LOW HITPOINT WARNING * * *
You miss something. Something barely misses you.
You bump into the rock wall.
Something barely misses you.
You hit something but do no damage. You bite something.
You bump into the rock wall.
You feel less confused. Something hits you.
* * * LOW HITPOINT WARNING * * *
You barely miss something. Your bite misses something.
Your song is almost over.
Something hits you.
You die...

#.#.######## #
#(#........#.#
#####...##.#.#.#.#
##.................#
..######.##.#.#.##
#. #.##.....# .##
#.####†### .. #.#
#.# #. #@# #)#
.#.#.#.####{# #.#
.......@..(b# #.#
.#.#...###### #.#
.....<. ##.# ##.....
#..# #..#.. ####
....#.. ∆ .w. ...


You could see a bat.

Vanquished Creatures
  Robin (D:3)
  2 worms
  2 bats
  A giant cockroach (D:3)
  9 goblins
  5 hobgoblins
  2 kobolds (D:1)
  A frilled lizard (D:1)
  7 rats
30 creatures vanquished.

Notes
Turn   | Place    | Note
-------+----------+-------------------------------------------
     0 | D:1      | tidbits the Gnoll Skald began the quest for the Orb.
     0 | D:1      | Reached XP level 1. HP: 20/20 MP: 6/6
    35 | D:1      | Reached XP level 2. HP: 26/26 MP: 0/7
    42 | D:1      | Learned a level 2 spell: Song of Slaying
    45 | D:1      | Learned a level 2 spell: Shroud of Golubria
   219 | D:2      | Found a hide-covered altar of Uskayaw.
   221 | D:2      | Found a snail-covered altar of Cheibriados.
   230 | D:2      | Became a worshipper of Cheibriados the Contemplative
   323 | D:3      | Noticed Robin
   336 | D:3      | Reached XP level 3. HP: 12/31 MP: 0/9
   338 | D:3      | Reached skill level 5 in Spellcasting
   364 | D:3      | Killed Robin
   375 | D:3      | Reached skill level 1 in Invocations
   459 | D:3      | Noticed Sigmund
   480 | D:3      | HP: 2/31 [something (11)]
   485 | D:3      | Slain by Sigmund

Skill      XL: |  1  2  3 |
---------------+----------+-----
Spellcasting   | 5 |  5.0
Invocations    | 1 |  1.0
Fighting       | |  4.5
Short Blades   | |  0.9
Long Blades    | |  0.9
Axes           | |  4.5
Maces & Flails | |  0.9
Polearms       | |  0.9
Staves         | |  0.9
Slings         | |  0.9
Bows           | |  0.9
Crossbows      | |  0.9
Throwing       | |  0.9
Armour         | |  2.6
Dodging        | |  4.5
Stealth        | |  0.9
Shields        | |  0.9
Unarmed Combat | |  0.9
Conjurations   | |  0.6
Hexes          | |  0.6
Charms         | |  5.4
Summonings     | |  0.6
Necromancy     | |  0.6
Translocations | |  0.6
Transmutations | |  0.6
Fire Magic     | |  0.6
Ice Magic      | |  0.6
Air Magic      | |  0.6
Earth Magic    | |  0.6
Poison Magic   | |  0.6
Evocations     | |  0.9

Action                   || total
-------------------------++-------
Melee: Hand axe          ||    72
       Bite              ||     5
 Cast: Infusion          ||     9
       Song of Slaying   ||     2
  Use: Scroll            ||     2
       Potion            ||     3
 Stab: Sleeping          ||     1
Armor: Leather armour    ||     6
       Robe              ||     5
       Skin              ||    19
Dodge: Dodged            ||    33

Table legend:
 A = Turns spent in this place as a percentage of turns spent in the entire game.
 B = Non-inter-level travel turns spent in this place as a percentage of non-inter-level travel turns spent in the entire game.
 C = Inter-level travel turns spent in this place as a percentage of turns spent in this place.
 D = Turns resting spent in this place as a percentage of non-inter-level travel turns spent in this place.
 E = Turns spent auto-exploring this place as a percentage of non-inter-level travel turns spent in this place.
 F = Non-inter-level travel turns spent in this place divided by the number of levels of this place that you've seen.
                   A       B       C       D       E      F
               +-------+-------+-------+-------+-------+----------------------
         Total | 100.0 | 100.0 |   0.6 |   0.0 |   0.0 | 160.7
       Dungeon | 100.0 | 100.0 |   0.6 |   0.0 |   0.0 | 160.7
               +-------+-------+-------+-------+-------+----------------------

Table legend:
 A = Kills in this place as a percentage of kills in entire the game.
 B = Kills by you in this place as a percentage of kills by you in the entire game.
 C = Kills by friends in this place as a percentage of kills by friends in the entire game.
 D = Other kills in this place as a percentage of other kills in the entire game.
 E = Experience gained in this place as a percentage of experience gained in the entire game.
 F = Experience gained in this place divided by the number of levels of this place that you have seen.
                   A       B       C       D       E      F
               +-------+-------+-------+-------+-------+----------------------
         Total | 100.0 | 100.0 |   N/A |   N/A | 100.0 |  23.7
       Dungeon | 100.0 | 100.0 |   N/A |   N/A | 100.0 |  23.7
               +-------+-------+-------+-------+-------+----------------------

Vault maps used:
D:1:      dpeg_arrival_ratfight, minivault_4, minmay_rat_gold_closets
D:2:      grunt_dithmenos_smoke, lemuel_blue_sif_altar,
          chequers_temple_overflow_statue_of_worship, first_ration
D:3:      lemuel_round_altar, uniq_sigmund, uniq_robin, uniq_grinder
